 Dungeon Crawl Stone Soup version 0.31-a0-986-g5e6e4ef867 (webtiles) character file.

Game seed: 7965504794853622181

8316 Dittersdorf the Fighter (level 11, -5/72 HPs)
             Began as a Gargoyle Fighter on Nov 6, 2023.
             Was an Initiate of Gozag.
             Killed from afar by a hellion (35 damage)
             ... with damnation
             ... on level 4 of the Abyss.
             The game lasted 00:13:09 (8655 turns).

Dittersdorf the Fighter (Gargoyle Fighter)          Turns: 8655, Time: 00:13:09

Health: -5/72      AC: 31    Str: 25    XL:     11   Next: 29%
Magic:  29/29      EV: 10    Int:  8    God:    Gozag
Gold:   950        SH:  6    Dex:  9    Spells: 10/10 levels left

rFire   . . .        i - +1 morningstar (freeze)
rCold   . . .        c - +0 buckler
rNeg    + + .        D - +2 scale mail {rN+}
rPois   ∞            x - +0 helmet
rElec   +            k - +0 cloak
rCorr   +            h - +1 pair of gloves of Gowkad {rPois rCorr MP+9 Stlth-}
SInv    .            u - +2 pair of boots
Will    .....        (no amulet) Stlth
                     m - ring of magical power
HPRegen 0.32/turn    a - +4 ring of protection
MPRegen 0.21/turn

%: no passive effects
@: no status effects
A: sickness immunity, AC +8, negative energy resistance 1, electricity
resistance, torment resistance 1, petrification resistance
a: Renounce Religion, Potion Petition, Call Merchant, Bribe Branch


You were on level 4 of the Abyss.
You worshipped Gozag.
Gozag was pleased with you.
You visited 1 branch of the dungeon, and saw 9 of its levels.
You visited the Abyss 1 time.
You also visited: Bailey.

You collected 1546 gold pieces.
You spent 569 gold pieces at shops.
You paid 27 gold pieces to Gozag.

Inventory:

Hand Weapons
 i - a +1 morningstar of freezing (weapon)
Missiles
 e - 14 poisoned darts (quivered)
 v - 2 throwing nets
Armour
 c - a +0 buckler (worn)
 h - the +1 pair of gloves of Gowkad (worn) {rPois rCorr MP+9 Stlth-}
   (You bought it in a shop on level 7 of the Dungeon)

   rPois:     It protects you from poison MP+9: It affects your magic capacity
   (+9).
   rCorr:     It protects you from acid and corrosion.
   Stlth-:    It makes you less stealthy.
 k - a +0 cloak (worn)
 u - a +2 pair of boots (worn)
 x - a +0 helmet (worn)
 D - a +2 scale mail of positive energy (worn)
Magical Staves
 b - a staff of earth
Jewellery
 a - a +4 ring of protection (right hand)
 m - a ring of magical power (left hand)
Wands
 j - a wand of flame (6)
 C - a wand of digging (2)
Scrolls
 l - 2 scrolls of enchant weapon
 o - 2 scrolls of teleportation
 q - 2 scrolls of silence
Potions
 d - 3 potions of might
 f - a potion of resistance
 g - 2 potions of heal wounds
 n - 3 potions of brilliance
 p - 2 potions of enlightenment
 r - a potion of mutation
 s - a potion of magic
 t - a potion of berserk rage


   Skills:
 + Level 10.1 Fighting
 + Level 8.9 Maces & Flails
 + Level 10.0 Armour
 + Level 10.0 Shields


You had 10 spell levels left.
You didn't know any spells.
Your spell library contained the following spells:

 Spells                   Type           Power      Damage    Failure   Level
 Magic Dart               Conj           0%         1d3       69%         1
 Sandblast                Erth           0%         2d4       69%         1
 Summon Small Mammal      Summ           0%         N/A       69%         1
 Passwall                 Tmut/Erth      0%         N/A       83%         2
 Searing Ray              Conj           0%         2d4       83%         2
 Stone Arrow              Conj/Erth      0%         3d7       96%         3
 Brom's Barrelling Bould  Conj/Erth      0%         2d3       100%        4
 Fulminant Prism          Conj/Hex       0%         3d5       100%        4
 Summon Ice Beast         Ice/Summ       0%         N/A       100%        4
 Summon Mana Viper        Hex/Summ       0%         N/A       100%        5
 Monstrous Menagerie      Summ           0%         N/A       100%        7


Dungeon Overview and Level Annotations

Branches:
Dungeon (9/15)             Temple (0/1) D:4          Bailey (visited)
   Lair: D:8-11         Orc: D:9-12

Altars:
Cheibriados
Elyvilon
Gozag
Kikubaaqudgha
Sif Muna
Trog
Vehumet
Xom
Zin
The Shining One

Shops:
D:7 [

Annotations:
D:9 Erolcha


Innate Abilities, Weirdness & Mutations

You are immune to sickness and miasma.
Your stone body is resilient. (AC +8)
You are immune to poison.
You resist negative energy. (rN+)
You are resistant to electric shocks. (rElec)
You are resistant to unholy torment.
You are immune to petrification.


Message History

The raiju is almost dead.
The smoke demon gestures at you. The sticky flame misses you.
The raiju bites you but does no damage.
You closely miss the raiju.
The raiju is almost dead.
The smoke demon hits you but does no damage.
The smoke demon closely misses you. x2; The raiju bites you but does no damage.
You puncture the raiju! You freeze the raiju.
You kill the raiju!
You are suddenly pulled into a different region of the Abyss!
Found a gateway leading deeper into the Abyss.
There is a gateway leading deeper into the Abyss here.
You start resting.
A thrashing horror comes into view.
The thrashing horror moves out of view.
You start resting.
A thrashing horror is nearby!
A thrashing horror is nearby!
The thrashing horror roars!
You plunge deeper into the Abyss.
The abyssal rune of Zot can be found at this depth.
The abyssal matter surrounding you shimmers strangely.
You detect the abyssal rune!
Found a corrupted altar of Lugonu.
You start resting.
A hellion assembles itself!
The hellion gives a hideous shriek!
You start resting.
A hellion is nearby!
The hellion gestures at you.
The sphere of damnation explodes!
The damnation engulfs you!!
You hear a horrible gurgling sound! x5 2 cyan very ugly things and a cyan ugly thing come into view.
The cyan very ugly thing gurgles horribly! x2
The cyan ugly thing gurgles horribly!
A cyan very ugly thing comes into view.
A cyan ugly thing comes into view.
The hellion gestures at you.
The sphere of damnation explodes!
The damnation engulfs you!!
You die...
Your body crumbles into a pile of gold.

#....# . # .##.. .
#.#.##.#...... _.
#.......#.......
#..#...#.#.###...
##...#.#.#... .. .
#.....#.##.#...#.
#...##.....#....#
#..#..............
#..@..2...#....#.
#....#........#.
#.##...##..#... ##
##u#.# .# ..#
#..#### .# ##u# #
u. u## .#


You could see 3 very ugly things, a cyan ugly thing and a hellion.

Vanquished Creatures
  2 vault guards (Bailey)
  A two-headed ogre (D:6)
  A hornet (D:8)
  A troll (D:9)
  2 raiju (Abyss:3)
  Grinder (D:3)
  Prince Ribbit (Bailey)
  3 humans (Bailey)
  9 yaks (D:8)
  3 black bears
  An orc warrior (D:8)
  An ice beast (D:6)
  An ogre (D:7)
  3 centaurs
  3 kobold brigands
  9 bullfrogs
  A gnoll sergeant (D:8)
  6 scorpions
  A small abomination (Abyss:3)
  8 wights
  7 killer bees
  Crazy Yiuf (D:2)
  A gnoll bouda (D:8)
  4 hounds (D:5)
  3 orc priests
  2 jellies
  2 sleepcaps (D:7)
  Terence (D:3)
  2 iguanas
  6 orc wizards
  A mummy (D:3)
  Robin (D:2)
  12 gnolls
  5 adders
  2 shadow imps
  A white imp (D:7)
  A dart slug (D:4)
  23 orcs
  2 ball pythons
  5 endoplasms
  3 giant cockroaches
  8 hobgoblins
  A quokka (D:1)
  2 bats (D:1)
  4 frilled lizards
  26 goblins
  16 kobolds
  7 rats
207 creatures vanquished.

Vanquished Creatures (others)
  An arcanist (D:3)
1 creature vanquished.

Grand Total: 208 creatures vanquished

Notes
Turn   | Place    | Note
-------+----------+-------------------------------------------
     0 | D:1      | Dittersdorf the Gargoyle Fighter began the quest for the
                  | Orb.
     0 | D:1      | Reached XP level 1. HP: 14/14 MP: 1/1
   127 | D:1      | You fall into a shaft and drop 1 floor!
   300 | D:1      | Reached XP level 2. HP: 19/19 MP: 2/2
   837 | D:2      | Reached XP level 3. HP: 23/23 MP: 3/3
  1041 | D:2      | Noticed Robin
  1065 | D:2      | Killed Robin
  1355 | D:2      | Found a runed translucent door.
  1356 | D:2      | Noticed Crazy Yiuf
  1366 | D:2      | HP: 1/24 [Crazy Yiuf/+2 quarterstaff of chaos (3)]
  1368 | D:2      | Killed Crazy Yiuf
  1369 | D:2      | Reached XP level 4. HP: 2/29 MP: 4/4
  1943 | D:3      | Found a shimmering altar of Xom.
  1943 | D:3      | Found a white marble altar of Elyvilon.
  1945 | D:3      | Found an opulent altar of Gozag.
  1971 | D:3      | Reached XP level 5. HP: 21/33 MP: 5/5
  2043 | D:3      | Became a worshipper of Gozag Ym Sagoz the Greedy
  2139 | D:3      | Noticed Grinder
  2146 | D:3      | Paralysed by Grinder for 5 turns
  2181 | D:3      | Paralysed by Grinder for 3 turns
  2185 | D:3      | Paralysed by Grinder for 2 turns
  2190 | D:3      | Paralysed by Grinder for 3 turns
  2200 | D:3      | Paralysed by Grinder for 4 turns
  2205 | D:3      | Killed Grinder
  2206 | D:3      | Reached XP level 6. HP: 21/40 MP: 6/6
  2359 | D:3      | Found a faded altar of an unknown god.
  2397 | D:3      | Found a snail-covered altar of Cheibriados.
  2513 | D:3      | Found a bloodstained altar of Trog.
  2514 | D:3      | Noticed an arcanist
  2514 | D:3      | Noticed Terence
  2518 | D:3      | Killed Terence
  2519 | D:3      | Killed an arcanist
  2692 | D:4      | Reached skill level 5 in Fighting
  2692 | D:4      | Reached skill level 5 in Armour
  2692 | D:4      | Reached skill level 5 in Shields
  2692 | D:4      | Reached XP level 7. HP: 41/44 MP: 7/7
  2929 | D:4      | Found a staircase to the Ecumenical Temple.
  3222 | D:5      | Entered Level 5 of the Dungeon
  3904 | D:6      | Identified the "Ugiv"
  4201 | D:6      | Reached XP level 8. HP: 44/51 MP: 8/8
  4298 | D:5      | Reached skill level 5 in Maces & Flails
  4528 | D:6      | Found a glowing golden altar of the Shining One.
  4530 | D:6      | Found a glowing silver altar of Zin.
  4627 | D:6      | Found a shimmering blue altar of Sif Muna.
  4628 | D:6      | Found an ancient bone altar of Kikubaaqudgha.
  4629 | D:6      | Found a radiant altar of Vehumet.
  5086 | D:7      | Reached XP level 9. HP: 57/57 MP: 9/9
  5115 | D:7      | Noticed a two-headed ogre
  5255 | D:6      | Killed a two-headed ogre
  5891 | D:7      | Found Ubegyank's Armour Shoppe.
  5915 | D:7      | Bought the +1 pair of gloves of Gowkad {rPois rCorr MP+9
                  | Stlth-} for 569 gold pieces
  6109 | D:8      | Reached XP level 10. HP: 33/64 MP: 10/10
  6154 | D:8      | Found a flagged portal.
  6176 | Bailey   | Entered a bailey
  6624 | Bailey   | Noticed Prince Ribbit
  6624 | Bailey   | Noticed a vault guard
  6685 | Bailey   | Killed a vault guard
  6698 | Bailey   | Killed Prince Ribbit
  6908 | Bailey   | Noticed a vault guard
  6926 | Bailey   | Killed a vault guard
  7213 | D:8      | Reached XP level 11. HP: 67/71 MP: 11/11
  7911 | D:8      | Reached skill level 10 in Fighting
  8120 | D:9      | Reached skill level 10 in Shields
  8237 | D:9      | Noticed Erolcha
  8237 | Abyss:2  | Cast into level 2 of the Abyss (Erolcha)
  8245 | Abyss:3  | Noticed a cyan very ugly thing
  8245 | Abyss:3  | Noticed a cyan very ugly thing
  8565 | Abyss:3  | Found a corrupted altar of Lugonu.
  8573 | Abyss:3  | Noticed a rakshasa
  8587 | Abyss:3  | Reached skill level 10 in Armour
  8609 | Abyss:3  | Noticed a thrashing horror
  8618 | Abyss:4  | Found a corrupted altar of Lugonu.
  8653 | Abyss:4  | Noticed a cyan very ugly thing
  8653 | Abyss:4  | Noticed a cyan very ugly thing
  8653 | Abyss:4  | Noticed a cyan ugly thing
  8654 | Abyss:4  | Noticed a cyan very ugly thing
  8654 | Abyss:4  | Noticed a cyan ugly thing
  8655 | Abyss:4  | Killed from afar by a hellion

Illustrated notes

Levels and vault maps discovered:
D:1:      doesnt_arrival_eight_statues, layout_basic
D:2:      layout_rooms, kennysheep_nub, grunt_decor_resistance,
          nicolae_houndstooth_variations, uniq_robin, uniq_crazy_yiuf_cottage
D:3:      layout_basic, trog_wizard, grunt_temple_overflow_open, slow_altar_1,
          hellmonk_ecumenical_altar_heavens_door, uniq_grinder, uniq_terence
D:4:      layout_basic, minmay_temple_entry_butterflies
D:5:      layout_basic, kennysheep_generic_room_11
D:6:      layout_cave_pools, grunt_temple_overflow_magic_moments,
          mainiacjoe_overflow_divided_tiny, kennysheep_generic_room_3
D:7:      hangedman_cross_stitches, layout_rooms, chequers_serial_rivers_room_a,
          kennysheep_diamond
D:8:      layout_loops_ring, enter_bailey_3
D:9:      layout_gridville, david_lair_generic, david_orc_4, uniq_erolcha,
          uniq_prince_ribbit1
Abyss:4:  base: D:9, evilmike_abyss_rune_ettins

Skill      XL: |  1  2  3  4  5  6  7  8  9 10 11 |
---------------+----------------------------------+-----
Fighting       | 4 5 7 8 9 10 | 10.1
Shields        | 4 5 6 8 9 10 | 10.0
Armour         | 4 5 6 8 9 10 | 10.0
Maces & Flails | 3 4 5 7 8 |  8.9

Action                     |  1- 3 |  4- 6 |  7- 9 | 10-12 || total
---------------------------+-------+-------+-------+-------++-------
  Melee: Flail             |   111 |   107 |   126 |       ||   344
         Morningstar       |       |       |   208 |   364 ||   572
  Throw: Dart              |     4 |    10 |    10 |    21 ||    45
    Use: Scroll            |       |       |    21 |     4 ||    25
         Potion            |       |       |       |    12 ||    12
   Stab: Distracted        |       |       |     1 |     1 ||     2
 Armour: Scale mail        |    86 |    76 |   410 |   393 ||   965
  Dodge: Dodged            |    60 |    49 |   200 |   214 ||   523
  Block: Buckler           |    26 |    20 |   116 |   127 ||   289

Table legend: (Time is in decaauts)
 A = Elapsed time spent in this place.
 B = Non-inter-level travel time spent in this place.
 C = Inter-level travel time spent in this place.
 D = Time resting spent in this place.
 E = Time spent auto-exploring this place.
 F = Levels seen in this place.
 G = Mean time per level.
                   A        B        C        D        E       F      G
               +--------+--------+--------+--------+--------+-----+--------+
         Total |   8856 |   8586 |    270 |   1237 |   5102 |  13 |  681.2 |
       Dungeon |   7619 |   7349 |    270 |    456 |   5054 |   9 |  846.6 |
         Abyss |    418 |    418 |      0 |    336 |      0 |   3 |  139.3 |
        Bailey |    817 |    817 |      0 |    445 |     48 |   1 |  817.0 |
               +--------+--------+--------+--------+--------+-----+--------+

Top non-repeatable levels by time:
     D:8: 1278 daAuts
     D:6: 1149 daAuts
     D:3: 1148 daAuts
     D:5: 952 daAuts
     D:2: 825 daAuts
     D:7: 819 daAuts
  Bailey: 817 daAuts
     D:1: 742 daAuts
     D:4: 578 daAuts
 Abyss:3: 378 daAuts
     D:9: 126 daAuts
 Abyss:4: 36 daAuts
 Abyss:2: 3 daAuts
